 Dungeon Sprint DCSS version 0.17-a0-1914-gde4187c (webtiles) character file.

1294 hexophile the Severer (level 8, -7/64 HPs)
             Began as a Minotaur Fighter on Sept 26, 2015.
             Was a Follower of Makhleb.
             Mangled by an orc warrior
             ... wielding a +0 war axe
              (22 damage)
             ... in the Dungeon (Sprint III: "The Ten Rune Challenge").
             The game lasted 00:03:03 (945 turns).

hexophile the Severer (Minotaur Fighter)             Turns: 945, Time: 00:03:04

Health: -7/64      AC:  6    Str: 27    XL:     8   Next: 30%
Magic:  7/7        EV:  7    Int:  5    God:    Makhleb [*.....]
Gold:   38         SH: 10    Dex: 11    Spells: 0 memorised, 7 levels left

rFire  . . .     SeeInvis .     a - +0 war axe
rCold  . . .     Clarity  .     b - +0 scale mail
rNeg   . . .     SustAt   .     c - +0 shield
rPois  .         Gourm    .     (helmet restricted)
rElec  .         Spirit   .     (no cloak)
rCorr  .         Warding  .     (no gloves)
rMut   .         NoTele   +     (no boots)
MR     .....                    (no amulet)
Stlth  ..........               (no ring)
                                (no ring)

@: mighty, not resistant to hostile enchantments, extremely unstealthy
A: retaliatory headbutt, horns 2, regeneration 2, evolution 1
a: Renounce Religion


You were in the Dungeon.
You worshipped Makhleb.
Makhleb was aware of your devotion.
You were not hungry.

You visited 1 branch You collected 38 gold pieces.


Innate Abilities, Weirdness & Mutations

You reflexively headbutt those who attack you in melee.
You have a pair of horns on your head.
You heal very quickly.
You evolve.

Inventory:

Hand weapons
 a - a +0 war axe (weapon)
 t - a +0 dire flail of distortion
Armour
 b - a +0 scale mail (worn)
 c - a +0 shield (worn)
Magical devices
 j - a wand of magic darts (25)
Scrolls
 k - a scroll of blinking
 o - 4 scrolls of remove curse
 s - a scroll of holy word
Potions
 f - a potion of curing
 i - 2 potions of magic
 l - 2 potions of mutation {!q}
 q - 4 potions of cure mutation {!q}
 r - 2 potions of flight
Books
 g - a book of Party Tricks

   Spells                             Type                      Level
   a - Summon Butterflies             Summoning                    1
   b - Apportation                    Translocation                1
   c - Tukima's Dance                 Hexes                        3
   d - Alistair's Intoxication        Transmutation/Poison         4
   e - Invisibility                   Hexes                        6
Comestibles
 e - 2 bread rations
 h - 6 chunks of flesh
 p - 3 royal jellies


You had 7 spell levels left.
You didn't know any spells.


   Skills:
 - Level 3.6 Fighting
 + Level 19.9 Axes
 - Level 3.6 Armour
 - Level 3.6 Shields

Dungeon Overview and Level Annotations

Branches:
Dungeon (1/1)

Altars:
Cheibriados
Dithmenos
Elyvilon
Fedhas
Gozag
Kikubaaqudgha
Makhleb
Nemelex Xobeh
Okawaru
Qazlal
Ru
Sif Muna
Trog
Vehumet
Xom
Yredelemnul
Zin
The Shining One
Beogh
Jiyva
Lugonu

Vault maps used:
D:        dungeon_sprint_mu

Vault maps used:
D:        dungeon_sprint_mu
You       could see 2 orc warriors.


Message History

Some of the chunks of flesh in your inventory have rotted away.
There isn't anything to butcher here.
You start resting.
A two-headed ogre comes into view.
It is wielding a giant club and a giant spiked club.
The two-headed ogre shouts in stereo!
There is an open door, spattered with blood here.
Items here: )))) ÷ a giant spiked club; a giant club; a giant club; a dire flail of distortion a two-headed ogre skeleton You hit the two-headed ogre but do no damage.
You barely miss the two-headed ogre. You block the two-headed ogre's attack.
The two-headed ogre hits you with a giant spiked club!
You hit the two-headed ogre. The two-headed ogre barely misses you.
You block the two-headed ogre's attack.
You hit the two-headed ogre. You slash the two-headed ogre!
You block the two-headed ogre's attack. The two-headed ogre misses you.
You hit the two-headed ogre.
You headbutt the two-headed ogre, but do no damage.
You hit the two-headed ogre. You headbutt the two-headed ogre.
You block the two-headed ogre's attack.
The two-headed ogre hits you with a giant spiked club!
You slash the two-headed ogre!
You kill the two-headed ogre!
Makhleb accepts your kill.
There is an open door, spattered with blood here.
Items here: )))))) ÷ You start resting.
There is an open door here.
There is an open door, spattered with blood here.
Items here: )))))) ÷
Okay, then.
t - a dire flail of distortion Read which item? (? for menu, Esc to quit)
As you read the scroll labeled ALACIO YSITH, it crumbles to dust.
Your body is wracked with pain!
It was a scroll of torment.
Read which item? (? for menu, Esc to quit)
As you read the scroll labeled LEFRUS VEREMN, it crumbles to dust.
It is a scroll of identify.
Identify which item? (\ to view known items) (? for menu, Esc to quit)
s - a scroll of holy word You start resting.
You open the door.
Found 13 gold pieces. 3 orcs, 2 orc warriors and an orc priest come into view.
The orc shouts!
The orc warrior shouts!
The orc shouts!
The orc warrior shouts!
Found 469 gold pieces.
Found a roughly hewn altar of Beogh.
An orc and 2 orc warriors come into view.
There is an open door to the Orcish Mines here. 4 orcs, an orc warrior, 2 orc priests and an orc sorcerer come into view.
The orc shouts! x2
The orc priest shouts!
The orc shouts!
The orc priest shouts!
The orc warrior shouts! x2
The orc sorcerer shouts!
The orc shouts!
The orc moves out of view.
You block the orc warrior's attack. You block the orc warrior's attack.
Found 17 gold pieces.
You closely miss the orc warrior. You barely miss the orc warrior.
The orc sorcerer mumbles some strange words.
The orc warrior completely misses you. You furiously retaliate!
You headbutt the orc warrior. You closely miss the orc warrior.
You headbutt the orc warrior, but do no damage.
You hit the orc warrior but do no damage.
The orc warrior hits you with a hand axe!
There is an open door to the Orcish Mines here.
There is an open door, spattered with blood here.
Items here: ))))) ÷ You closely miss the orc warrior.
The orc warrior hits you with a war axe!
Your shield and scale mail prevent you from hitting the orc warrior.
You block the orc warrior's attack.
You closely miss the orc warrior.
You hit the orc warrior but do no damage.
The orc warrior hits you with a war axe!
The orc warrior hits you with a war axe!
There is an open door, spattered with blood here.
Items here: ))))) ÷ You hit the orc warrior but do no damage.
You block the orc warrior's attack.
The orc warrior hits you with a war axe.
There is an open door, spattered with blood here.
Items here: ))))) ÷ You slash the orc warrior!
You hit the orc warrior but do no damage.
You block the orc warrior's attack.
Your shield and scale mail prevent you from hitting the orc warrior.
You hit the orc warrior.
The orc warrior hits you with a war axe!
* * * LOW HITPOINT WARNING * * *
You are too injured to fight recklessly!
You are too injured to fight recklessly!
You are too injured to fight recklessly!
You block the orc warrior's attack.
Drink which item? (? for menu, Esc to quit)
You feel very mighty all of a sudden.
The orc warrior hits you with a hand axe.
* * * LOW HITPOINT WARNING * * *
The orc warrior hits you with a war axe!!
You die...

Action                   |  1- 3 |  4- 6 |  7- 9 || total
-------------------------+-------+-------+-------++-------
Melee: War axe           |    32 |    26 |    52 ||   110
  Use: Potion            |     5 |       |     3 ||     8
       Scroll            |       |       |     2 ||     2
  Eat: Chunk             |       |       |     1 ||     1

Notes
Turn   | Place    | Note
--------------------------------------------------------------
     0 | D        | hexophile the Minotaur Fighter began the quest for the Orb.
     0 | D        | Reached XP level 1. HP: 19/19 MP: 0/0
    10 | D        | Reached skill level 4 in Axes
    16 | D        | Reached skill level 5 in Axes
    16 | D        | Reached XP level 2. HP: 26/26 MP: 1/1
    30 | D        | Noticed Jessica
    33 | D        | Killed Jessica
    33 | D        | Reached skill level 8 in Axes
    33 | D        | Reached XP level 3. HP: 31/31 MP: 2/2
    71 | D        | Reached skill level 9 in Axes
   136 | D        | Killed a white draconian scorcher
   194 | D        | Killed a white draconian scorcher
   216 | D        | Killed a yaktaur
   392 | D        | Gained mutation: Your natural rate of healing is unusually fast. [potion of mutation]
   392 | D        | Gained mutation: You evolve. [potion of mutation]
   392 | D        | Gained mutation: You heal very quickly. [potion of mutation]
   401 | D        | Noticed a water elemental
   404 | D        | HP: 2/31 [water elemental (15)]
   410 | D        | Killed a water elemental
   410 | D        | Reached skill level 11 in Axes
   410 | D        | Reached XP level 4. HP: 16/39 MP: 3/3
   460 | D        | Found a radiant altar of Vehumet.
   460 | D        | Found a deep blue altar of Sif Muna.
   460 | D        | Found an ancient bone altar of Kikubaaqudgha.
   460 | D        | Noticed a wizard
   463 | D        | Killed a wizard
   463 | D        | Reached skill level 12 in Axes
   463 | D        | Reached XP level 5. HP: 42/45 MP: 4/4
   480 | D        | Found a glowing silver altar of Zin.
   480 | D        | Found a glowing golden altar of the Shining One.
   480 | D        | Found a white marble altar of Elyvilon.
   481 | D        | Noticed a deep elf priest
   488 | D        | Killed a deep elf priest
   488 | D        | Reached skill level 15 in Axes
   488 | D        | Reached XP level 6. HP: 37/51 MP: 5/5
   516 | D        | Found an iron altar of Okawaru.
   516 | D        | Found a bloodstained altar of Trog.
   516 | D        | Noticed a human
   531 | D        | Noticed a human
   538 | D        | Killed a human
   538 | D        | Reached skill level 16 in Axes
   538 | D        | Reached XP level 7. HP: 17/57 MP: 6/6
   543 | D        | Killed a human
   543 | D        | Reached skill level 17 in Axes
   617 | D        | Found a basalt altar of Yredelemnul.
   617 | D        | Found a snail-covered altar of Cheibriados.
   617 | D        | Found a blossoming altar of Fedhas.
   617 | D        | Noticed a necrophage
   617 | D        | Noticed a necromancer
   622 | D        | Killed a necromancer
   627 | D        | Killed a necrophage
   627 | D        | Reached skill level 18 in Axes
   634 | D        | Noticed a jelly
   635 | D        | Noticed a shadow
   639 | D        | Killed a shadow
   642 | D        | Killed a jelly
   720 | D        | Found a stormy altar of Qazlal.
   720 | D        | Found a sacrificial altar of Ru.
   720 | D        | Found a burning altar of Makhleb.
   720 | D        | Found a shimmering altar of Xom.
   721 | D        | Found a viscous altar of Jiyva.
   721 | D        | Found a shadowy altar of Dithmenos.
   721 | D        | Found a sparkling altar of Nemelex Xobeh.
   721 | D        | Found a corrupted altar of Lugonu.
   721 | D        | Found an opulent altar of Gozag.
   721 | D        | Noticed a spatial vortex
   726 | D        | Became a worshipper of Makhleb the Destroyer
   735 | D        | Killed a spatial vortex
   735 | D        | Reached skill level 19 in Axes
   735 | D        | Reached XP level 8. HP: 42/64 MP: 7/7
   778 | D        | Noticed a two-headed ogre
   778 | D        | Noticed a two-headed ogre
   789 | D        | Killed a two-headed ogre
   793 | D        | Killed a two-headed ogre
   793 | D        | Acquired Makhleb's first power
   812 | D        | Noticed a two-headed ogre
   822 | D        | Killed a two-headed ogre
   922 | D        | Found a roughly hewn altar of Beogh.
   922 | D        | Noticed an orc priest
   922 | D        | Noticed an orc warrior
   922 | D        | Noticed an orc warrior
   923 | D        | Noticed an orc warrior
   923 | D        | Noticed an orc warrior
   923 | D        | Noticed an orc priest
   923 | D        | Noticed an orc priest
   923 | D        | Noticed an orc warrior
   923 | D        | Noticed an orc sorcerer
   925 | D        | Noticed a hellwing
   945 | D        | Mangled by an orc warrior

Table legend:
 A = Turns spent in this place as a percentage of turns spent in the entire game.
 B = Non-inter-level travel turns spent in this place as a percentage of non-inter-level travel turns spent in the entire game.
 C = Inter-level travel turns spent in this place as a percentage of turns spent in this place.
 D = Turns resting spent in this place as a percentage of non-inter-level travel turns spent in this place.
 E = Turns spent auto-exploring this place as a percentage of non-inter-level travel turns spent in this place.
 F = Non-inter-level travel turns spent in this place divided by the number of levels of this place that you've seen.
                   A       B       C       D       E      F
               +-------+-------+-------+-------+-------+----------------------
         Total | 100.0 | 100.0 |   0.0 |  11.3 |   0.0 | 381.0
       Dungeon | 100.0 | 100.0 |   0.0 |  11.3 |   0.0 | 381.0
               +-------+-------+-------+-------+-------+----------------------

Table legend:
 A = Kills in this place as a percentage of kills in entire the game.
 B = Kills by you in this place as a percentage of kills by you in the entire game.
 C = Kills by friends in this place as a percentage of kills by friends in the entire game.
 D = Other kills in this place as a percentage of other kills in the entire game.
 E = Experience gained in this place as a percentage of experience gained in the entire game.
 F = Experience gained in this place divided by the number of levels of this place that you have seen.
                   A       B       C       D       E      F
               +-------+-------+-------+-------+-------+----------------------
         Total | 100.0 | 100.0 |  -nan |  -nan | 100.0 | 1849.0
       Dungeon | 100.0 | 100.0 |  -nan |  -nan | 100.0 | 1849.0
               +-------+-------+-------+-------+-------+----------------------

Vanquished Creatures
  A deep elf priest (D)
  A shadow (D)
  A spatial vortex (D)
  A necrophage (D)
  3 two-headed ogres (D)
  A water elemental (D)
  A wizard (D)
  A jelly (D)
  Jessica (D)
  A necromancer (D)
  A kobold demonologist (D)
  3 humans (D)
  2 oozes (D)
  A phantom (D)
  A rat (D)
20 creatures vanquished.

Vanquished Creatures (others)
  2 draconian scorchers (D)
  A yaktaur (D)
  3 plants (D)
6 creatures vanquished.

Grand Total: 26 creatures vanquished
